 Dungeon Crawl Stone Soup version 0.29.1-1-gd02db6906a (webtiles) character file.

Game seed: 9053485513059097146

79 NullDivider the Stinger (level 4, -2/27 HPs)
             Began as an Octopode Venom Mage on Sept 24, 2022.
             Slain by a water moccasin (4 damage)
             ... on level 5 of the Dungeon.
             The game lasted 00:15:24 (3575 turns).

NullDivider the Stinger (Octopode Venom Mage)       Turns: 3575, Time: 00:15:25

Health: -2/27      AC:  1    Str:  7    XL:     4   Next: 37%
Magic:  4/7        EV: 13    Int: 19    God:
Gold:   214        SH:  0    Dex: 12    Spells: 1/7 levels left

rFire   . . .      SeeInvis .   (no weapon)
rCold   . . .      Faith    .   (no shield)
rNeg    . . .      Spirit   .   (helmet restricted)
rPois   .          Reflect  .   (no amulet)
rElec   .          Harm     .   k - ring of resist corrosion
rCorr   +          Rampage  .   (no ring)
Will    .....                   (no ring)
Stlth   +++.......              (no ring)
HPRegen 0.09/turn               (no ring)
MPRegen 0.10/turn               (no ring)
                                (no ring)
                                (no ring)

@: no status effects
A: almost no armour, amphibious, 8 rings, camouflage 1, gelatinous body 1,
(nimble swimmer 1), tentacles
a: no special abilities


You were on level 5 of the Dungeon.
You visited 1 branch of the dungeon, and saw 5 of its levels.

You collected 214 gold pieces.

Inventory:

Jewellery
 k - a ring of resist corrosion (left tentacle)
Scrolls
 b - 4 scrolls of amnesia
 c - 3 scrolls of identify
 d - 2 scrolls of teleportation
 f - 2 scrolls of immolation
 g - a scroll of magic mapping {unknown}
 j - a scroll of blinking {unknown}
Potions
 a - a potion of magic
 e - 2 potions of haste {unknown}
 h - a potion of cancellation {unknown}
 l - a potion of heal wounds {unknown}
 m - a potion of might {unknown}


   Skills:
 * Level 2.7 Dodging
 * Level 3.9 Stealth
 * Level 2.4 Spellcasting
 + Level 0.3 Conjurations
 - Level 1.2 Transmutations
 + Level 0.9 Air Magic
 * Level 4.1 Poison Magic


You had one spell level left.
You knew the following spells:

 Your Spells              Type           Power      Damage    Failure   Level
a - Sting                 Tmut/Pois      48%        1d5       5%          1
b - Poisonous Vapours     Pois/Air       22%        N/A       9%          2
c - Mephitic Cloud        Conj/Pois/Air  9%         N/A       22%         3

Your spell library contained the following spells:

 Spells                   Type           Power      Damage    Failure   Level
 Sandblast                Erth           4%         2d4       16%         1
 Passwall                 Tmut/Erth      3%         N/A       19%         2
 Olgreb's Toxic Radiance  Pois           18%        N/A       28%         4
 Stone Arrow              Conj/Erth      6%         3d7       41%         3
 Lehudib's Crystal Spear  Conj/Erth      1%         10d2      100%        8
 Animate Armour           Summ/Erth      Unusable   N/A       N/A         4

Dungeon Overview and Level Annotations

Branches:
Dungeon (6/15)
 Temple: D:4-7

Altars:
Kikubaaqudgha
Zin

Annotations:
D:6 3 runed translucent doors, Duvessa


Innate Abilities, Weirdness & Mutations

You cannot wear most types of armour.
You are amphibious.
You can wear up to eight rings at the same time.
Your skin changes colour to match your surroundings (Stealth+).
Your rubbery body absorbs attacks. (AC +1, EV +1)
((You are camouflaged when in or above water. (Stealth+)))
You have tentacles for arms and can constrict up to eight enemies at once.


Message History

There is a stone staircase leading down here.
You feel better. The gnoll misses you.
You are too injured to fight recklessly!
Casting: Sting (safe; 5% risk of failure)
Confirm with . or Enter, or press ? or * to list all spells.
The spell is extremely dangerous to miscast (22% risk of failure)!
Continue anyway?
Aiming: Mephitic Cloud (extremely dangerous; 22% risk of failure)
Press: ? - help, Shift-Dir - straight line That beam is likely to hit you.
Continue anyway?
The ball explodes into a vile cloud!
The stinking cloud engulfs the gnoll but does no damage.
The stinking cloud engulfs you but does no damage.
You are engulfed in noxious fumes.
You choke on the stench!
You are confused.
You hear an angry hiss.
The gnoll is engulfed in noxious fumes.
The gnoll appears confused.
You feel less confused.
The gnoll is engulfed in noxious fumes.
The gnoll appears confused.
You barely miss the gnoll. You grab the gnoll. You constrict the gnoll.
The gnoll closely misses you.
You tentacle-slap the gnoll but do no damage.
You squeeze the gnoll!
The gnoll is severely wounded.
You constrict the gnoll. The gnoll completely misses you.
You tentacle-slap the gnoll but do no damage.
The gnoll is severely wounded.
You constrict the gnoll.
A water moccasin comes into view.
The gnoll struggles to escape constriction.
You catch the helpless gnoll completely off-guard!
You tentacle-slap the gnoll but do no damage.
The gnoll is almost dead.
You constrict the gnoll, but do no damage.
The gnoll hits you with a +0 whip.
* * * LOW HITPOINT WARNING * * *
You completely miss the gnoll.
The gnoll is almost dead.
You constrict the gnoll, but do no damage.
The gnoll closely misses you. The water moccasin bites you.
You die...

#.# #.# #.#
#.#
..#####.#
......#.#
.##
#.$>##...##
##g........
#@S##.....
#.......##
..##....#
#.## ......
#. ..... ..
.#.. #..
#.. ...


You could see a water moccasin and a gnoll (confused).

Vanquished Creatures
  3 adders
  A worm (D:3)
  2 dart slugs (D:2)
  An orc (D:3)
  4 ball pythons
  3 bats
  4 endoplasms
  A giant cockroach (D:1)
  2 goblins (D:1)
  4 jackals
  5 kobolds
  4 quokkas
  3 frilled lizards
  4 rats
41 creatures vanquished.

Vanquished Creatures (others)
  12 fungi (D:2)
  13 plants (D:6)
25 creatures vanquished.

Grand Total: 66 creatures vanquished

Notes
Turn   | Place    | Note
-------+----------+-------------------------------------------
     0 | D:1      | NullDivider the Octopode Venom Mage began the quest for the
                  | Orb.
     0 | D:1      | Reached XP level 1. HP: 11/11 MP: 3/3
   548 | D:1      | Reached XP level 2. HP: 17/17 MP: 3/5
   551 | D:1      | Learned a level 2 spell: Poisonous Vapours
  1791 | D:2      | Reached XP level 3. HP: 20/21 MP: 0/6
  1798 | D:2      | Learned a level 3 spell: Mephitic Cloud
  2039 | D:2      | Reached skill level 4 in Poison Magic
  2541 | D:2      | Reached XP level 4. HP: 18/27 MP: 3/7
  3145 | D:3      | You fall into a shaft and drop 3 floors!
  3227 | D:6      | Noticed Duvessa
  3227 | D:6      | Noticed a sky beast
  3295 | D:6      | Found an ancient bone altar of Kikubaaqudgha.
  3304 | D:6      | Noticed an ogre
  3449 | D:6      | Found a glowing silver altar of Zin.
  3542 | D:6      | Noticed a bullfrog
  3544 | D:6      | Found a runed translucent gate.
  3544 | D:6      | Found a runed translucent gate.
  3544 | D:6      | Found a runed translucent gate.
  3556 | D:6      | Noticed a gnoll sergeant
  3565 | D:6      | HP: 1/27 [gnoll/+0 whip[a gnoll bouda] (7)]
  3566 | D:5      | Entered Level 5 of the Dungeon
  3573 | D:5      | Noticed a water moccasin
  3575 | D:5      | Slain by a water moccasin

Illustrated notes

Levels and vault maps discovered:
D:1:      dpeg_arrival_chambers_temple_mockup, layout_basic,
          minmay_misc_feat_doors, interstate_on_off
D:2:      layout_loops_ring, dreamdust_mushroom_princess,
          dreamdust_princess_bridge
D:3:      layout_basic, grunt_temple_overflow_lords_of_destruction,
          shapermc_ecumenical_altar_mp_highgroup, biasface_ghost_orc_armoury,
          uniq_sigmund
D:5:      kennysheep_spiral_hall, layout_rooms, grunt_gozag_statues,
          grunt_decor_resistance, minivault_25
D:6:      layout_loops_corners, nicolae_overflow_hidden_temple,
          lemuel_doored_altar, gammafunk_ghost_icy, nicolae_grassy_gnolls,
          uniq_duvessa

Skill      XL: |  1  2  3 |
---------------+----------+-----
Stealth        | 3 |  3.9
Poison Magic   | 4 |  4.1
Dodging        | |  2.7
Spellcasting   | |  2.4
Conjurations   | |  0.3
Transmutations | |  1.2
Air Magic      | |  0.9

Action                   |  1- 3 |  4- 6 || total
-------------------------+-------+-------++-------
Melee: Unarmed           |    26 |    10 ||    36
       Constrict         |     6 |     4 ||    10
       Tentacles         |     9 |     4 ||    13
       Punch             |       |     1 ||     1
 Cast: Sting             |    42 |    15 ||    57
       Poisonous Vapours |     7 |     8 ||    15
       Mephitic Cloud    |       |     1 ||     1
  Use: Scroll            |       |     4 ||     4
       Potion            |       |     2 ||     2
 Stab: Confused          |       |     1 ||     1
Armor: Skin              |     3 |     1 ||     4
Dodge: Dodged            |    10 |    17 ||    27
